MLB
CINCINNATI REDS @ COLORADO ROCKIES
07/03/2098
 
TOP OF THE 1ST
Cincinnati Reds batting - Pitching for Colorado Rockies : LHP Allen Oliver
Pitching: LHP Allen Oliver
Batting: LHB Jonathan Nelson 0-0: Ball
1-0: Ball
2-0: SINGLE (Line Drive, 6D, EV 94.4 MPH)
Batting: RHB Jesus Najera 0-0: Ball
1-0: DOUBLE (Line Drive, 7LS, EV 95.6 MPH)
Jonathan Nelson to third
Batting: LHB Steve Carbone 0-0: Foul Ball, location: 2F
0-1: Ball
1-1: Fly out, F4 (Popup, 4, EV 55.6 MPH)
Batting: RHB Dave Truax 0-0: Foul Ball, location: 5FF
0-1: Called Strike
0-2: Ball
1-2: Ball
2-2: Foul Ball, location: 25FF
2-2: Ball
3-2: Foul Ball, location: 5FF
3-2: Base on Balls
Batting: RHB Erik Schmidt 0-0: Swinging Strike
0-1: Called Strike
0-2: Strikes out swinging
Batting: RHB Jamie Schexnider 0-0: Called Strike
0-1: Ball
1-1: Swinging Strike
1-2: Foul Ball, location: 9LDF
1-2: SINGLE (Line Drive, 8RS, EV 95.6 MPH)
Jonathan Nelson scores
Jesus Najera to third
Dave Truax to second
Runner from 3rd tries for Home, SAFE, throw by CF to home
Batting: RHB Earl Boivin 0-0: Foul Ball, location: 2F
0-1: SINGLE (Groundball, 34D, EV 95.0 MPH)
Dave Truax to third
Jamie Schexnider to second
Runner from 3rd tries for Home, SAFE, throw by RF to home
Batting: RHB Alfonso Tejeda 0-0: Called Strike
0-1: Ball
1-1: Ball
2-1: TRIPLE (Line Drive, 9D, EV 103.1 MPH)
Jamie Schexnider scores
Earl Boivin scores
Batting: RHB B.J. Illiano 0-0: Swinging Strike
0-1: Foul Ball, location: 9LMF
0-2: Ball
Wild Pitch!
Alfonso Tejeda scores
1-2: Ball
2-2: Foul Ball, location: 23F
2-2: Ball
3-2: Ground out 1-3 (Groundball, 34S, EV 65.0 MPH)
Top of the 1st over - 6 runs, 5 hits, 0 errors, 0 left on base; Cincinnati 6 - Colorado 0
BOTTOM OF THE 1ST
Colorado Rockies batting - Pitching for Cincinnati Reds : RHP Josh Blackburn
Pitching: RHP Josh Blackburn
Batting: LHB Glenn Sewell 0-0: Foul Ball, location: 2F
0-1: Foul Ball, location: 3F
0-2: Ball
1-2: Ground out 6-3 (Groundball, 6, EV 106.3 MPH)
Batting: RHB Mike Woodard 0-0: Called Strike
0-1: Ball
1-1: Foul Ball, location: 2F
1-2: Ball
2-2: Ball
3-2: TRIPLE (Line Drive, 78XD, EV 109.4 MPH)
Batting: LHB Jim Davis 0-0: Ball
1-0: Swinging Strike
1-1: Foul Ball, location: 2F
1-2: Foul Ball, location: 9LDF
1-2: Foul Ball, location: 2F
1-2: Ball
2-2: Foul Ball, location: 25F
2-2: SINGLE (Line Drive, 78S, EV 111.3 MPH)
Mike Woodard scores
Batting: LHB Jeremy Papish 0-0: Called Strike
0-1: Ball
1-1: Ball
2-1: Swinging Strike
2-2: Strikes out swinging
Batting: LHB Carlos Parez 0-0: Ball
1-0: Ball
Jim Davis steals 2nd base
2-0: Ball
3-0: Called Strike
3-1: Called Strike
3-2: Base on Balls
Batting: RHB Tony Thomas 0-0: Swinging Strike
0-1: Called Strike
0-2: Fielders Choice at 2nd, 6-4 (Groundball, 6, EV 86.9 MPH)
Bottom of the 1st over - 1 run, 2 hits, 0 errors, 2 left on base; Cincinnati 6 - Colorado 1
TOP OF THE 2ND
Cincinnati Reds batting - Pitching for Colorado Rockies : LHP Allen Oliver
Pitching: RHP Chris Colbert
Batting: LHB Jonathan Nelson 0-0: Ball
1-0: Ball
2-0: Ball
3-0: Called Strike
3-1: Base on Balls
Batting: RHB Jesus Najera 0-0: Foul Ball, location: 3DF
0-1: Ball
1-1: Called Strike
1-2: Foul Ball, location: 5FF
1-2: Ball
2-2: Foul Ball, location: 25F
2-2: Fly out, F8 (Line Drive, 8RD, EV 93.8 MPH)
Batting: LHB Steve Carbone 0-0: Fly out, F4 (Popup, 4MD, EV 52.5 MPH)
Batting: RHB Dave Truax 0-0: SINGLE (Groundball, 6MD, EV 110.0 MPH)
Jonathan Nelson to second
Batting: RHB Erik Schmidt 0-0: Called Strike
0-1: Ball
Wild Pitch!
Jonathan Nelson to third
Dave Truax to second
1-1: Swinging Strike
1-2: Foul Ball, location: 2F
1-2: Strikes out swinging
Top of the 2nd over - 0 runs, 1 hit, 0 errors, 2 left on base; Cincinnati 6 - Colorado 1
BOTTOM OF THE 2ND
Colorado Rockies batting - Pitching for Cincinnati Reds : RHP Josh Blackburn
Batting: SHB Justin Williams 0-0: Ball
1-0: Foul Ball, location: 2F
1-1: Fly out, F8 (Line Drive, 8LM, EV 99.4 MPH)
Batting: LHB Jesus Pena 0-0: Called Strike
0-1: Fly out, F7 (Flyball, 7LM, EV 102.5 MPH)
Batting: RHB Brenden Oxton 0-0: Called Strike
0-1: Fly out, F6 (Popup, 6S, EV 75.6 MPH)
Bottom of the 2nd over - 0 runs, 0 hits, 0 errors, 0 left on base; Cincinnati 6 - Colorado 1
TOP OF THE 3RD
Cincinnati Reds batting - Pitching for Colorado Rockies : RHP Chris Colbert
Batting: RHB Jamie Schexnider 0-0: Foul Ball, location: 2F
0-1: Foul Ball, location: 9LMF
0-2: Ball
1-2: Fly out, F7 (Flyball, S2, EV 98.8 MPH)
Batting: RHB Earl Boivin 0-0: Foul Ball, location: 2F
0-1: Ground out 5-3 (Groundball, 56, EV 83.1 MPH)
Batting: RHB Alfonso Tejeda 0-0: Ball
1-0: Ball
2-0: Ball
3-0: Called Strike
3-1: SINGLE (Line Drive, 6M, EV 100.6 MPH)
Batting: RHB B.J. Illiano 0-0: Foul Ball, location: 23F
0-1: Ball
1-1: Called Strike
1-2: Foul Ball, location: 9LMF
1-2: Foul Ball, location: 9LDF
1-2: Ball
2-2: Foul Ball, location: 9LDF
2-2: Foul Ball, location: 2F
2-2: Strikes out swinging
Top of the 3rd over - 0 runs, 1 hit, 0 errors, 1 left on base; Cincinnati 6 - Colorado 1
BOTTOM OF THE 3RD
Colorado Rockies batting - Pitching for Cincinnati Reds : RHP Josh Blackburn
Batting: LHB Glenn Sewell 0-0: Ball
1-0: Called Strike
1-1: Swinging Strike
1-2: Strikes out looking
Batting: RHB Mike Woodard 0-0: Ground out 5-3 (Groundball, 15, EV 83.1 MPH)
Batting: LHB Jim Davis 0-0: Ball
1-0: Foul Ball, location: 2F
1-1: Called Strike
1-2: Strikes out looking
Bottom of the 3rd over - 0 runs, 0 hits, 0 errors, 0 left on base; Cincinnati 6 - Colorado 1
TOP OF THE 4TH
Cincinnati Reds batting - Pitching for Colorado Rockies : RHP Chris Colbert
Batting: LHB Jonathan Nelson 0-0: DOUBLE (Line Drive, 78XD, EV 105.0 MPH)
Pitching: LHP Zander Gonzalez
Batting: RHB Jesus Najera 0-0: Called Strike
0-1: Foul Ball, location: 2F
0-2: SINGLE (Line Drive, 89S, EV 90.0 MPH)
Jonathan Nelson to third
Batting: LHB Steve Carbone 0-0: Fly out, F7 (Flyball, S1, EV 96.9 MPH)
Runner from 3rd tags up, SCORES, no throw by LF
Batting: RHB Dave Truax 0-0: Ball
1-0: Foul Ball, location: 9LSF
1-1: Called Strike
1-2: Strikes out looking
Batting: RHB Erik Schmidt 0-0: Called Strike
Jesus Najera steals 2nd base
0-1: Called Strike
0-2: Ball
1-2: Ball
2-2: Foul Ball, location: 23F
2-2: Ball
3-2: TRIPLE (Line Drive, 78XD, EV 100.6 MPH)
Jesus Najera scores
Batting: RHB Jamie Schexnider 0-0: Called Strike
0-1: Ball
1-1: Foul Ball, location: 2F
1-2: Ball
2-2: Ground out 5-3 (Groundball, 5L, EV 86.3 MPH)
Top of the 4th over - 2 runs, 3 hits, 0 errors, 1 left on base; Cincinnati 8 - Colorado 1
BOTTOM OF THE 4TH
Colorado Rockies batting - Pitching for Cincinnati Reds : RHP Josh Blackburn
Batting: LHB Jeremy Papish 0-0: Swinging Strike
0-1: Ball
1-1: Called Strike
1-2: Strikes out swinging
Batting: LHB Carlos Parez 0-0: Ball
1-0: Called Strike
1-1: SINGLE (Groundball, 6MD, EV 105.6 MPH)
Batting: RHB Tony Thomas 0-0: Called Strike
Carlos Parez steals 2nd base
0-1: DOUBLE (Line Drive, 78D, EV 110.0 MPH)
Carlos Parez scores
Batting: SHB Justin Williams 0-0: DOUBLE (Line Drive, 89D, EV 109.4 MPH)
Tony Thomas scores
Batting: LHB Jesus Pena 0-0: Ball
1-0: Ball
2-0: Called Strike
2-1: Ball
3-1: Ground out 1-3 (Groundball, 15S, EV 70.6 MPH)
Batting: RHB Brenden Oxton 0-0: Ball
1-0: Called Strike
1-1: Ground out 5-3 (Groundball, 5, EV 68.1 MPH)
Bottom of the 4th over - 2 runs, 3 hits, 0 errors, 1 left on base; Cincinnati 8 - Colorado 3
TOP OF THE 5TH
Cincinnati Reds batting - Pitching for Colorado Rockies : LHP Zander Gonzalez
Batting: RHB Earl Boivin 0-0: Ball
1-0: Ground out 4-3 (Groundball, 4, EV 82.5 MPH)
Batting: RHB Alfonso Tejeda 0-0: Called Strike
0-1: Called Strike
0-2: Ball
1-2: Foul Ball, location: 2F
1-2: Ground out 5-3 (Groundball, 56D, EV 86.3 MPH)
Batting: RHB B.J. Illiano 0-0: Ball
1-0: Foul Ball, location: 2F
1-1: Swinging Strike
1-2: Ball
2-2: Ball
3-2: Base on Balls
Pitching: RHP Matt Osorio
Batting: LHB Jonathan Nelson 0-0: Called Strike
0-1: Ball
1-1: Foul Ball, location: 7LDF
1-2: Ball
2-2: Foul Ball, location: 2F
2-2: Ball
3-2: Foul Ball, location: 2F
3-2: SINGLE (Groundball, 4MS, EV 75.6 MPH) (infield hit)
B.J. Illiano to second
Batting: RHB Jesus Najera 0-0: Ball
1-0: Foul Ball, location: 7LMF
1-1: Called Strike
1-2: Ball
2-2: Fly out, F3 (Popup, 3F, EV 71.9 MPH)
Top of the 5th over - 0 runs, 1 hit, 0 errors, 2 left on base; Cincinnati 8 - Colorado 3
BOTTOM OF THE 5TH
Colorado Rockies batting - Pitching for Cincinnati Reds : RHP Josh Blackburn
Batting: LHB Glenn Sewell 0-0: Ball
1-0: Called Strike
1-1: SOLO HOME RUN (Flyball, 9D, EV 100.6 MPH), Distance : 372 ft
Batting: RHB Mike Woodard 0-0: Called Strike
0-1: Ball
1-1: Called Strike
1-2: Ground out 4-3 (Groundball, 34D, EV 105.0 MPH)
Batting: LHB Jim Davis 0-0: Called Strike
0-1: Ball
1-1: Foul Ball, location: 3F
1-2: Ball
2-2: Fly out, F5 (Popup, 25, EV 90.6 MPH)
Batting: LHB Jeremy Papish 0-0: Called Strike
0-1: Ball
1-1: Ball
2-1: Foul Ball, location: 3DF
2-2: Strikes out swinging
Bottom of the 5th over - 1 run, 1 hit, 0 errors, 0 left on base; Cincinnati 8 - Colorado 4
TOP OF THE 6TH
Cincinnati Reds batting - Pitching for Colorado Rockies : RHP Matt Osorio
Batting: LHB Steve Carbone 0-0: Ball
1-0: Swinging Strike
1-1: Swinging Strike
1-2: Ball
2-2: Fly out, F3 (Popup, 34S, EV 77.5 MPH)
Batting: RHB Dave Truax 0-0: Swinging Strike
0-1: Swinging Strike
0-2: Ball
1-2: Ball
2-2: Foul Ball, location: 9LSF
2-2: Fly out, F8 (Flyball, 8RD, EV 88.8 MPH)
Batting: RHB Erik Schmidt 0-0: Called Strike
0-1: Ground out 6-3 (Groundball, 56, EV 91.9 MPH)
Top of the 6th over - 0 runs, 0 hits, 0 errors, 0 left on base; Cincinnati 8 - Colorado 4
BOTTOM OF THE 6TH
Colorado Rockies batting - Pitching for Cincinnati Reds : RHP Josh Blackburn
Pitching: RHP Dustin Guerin
Batting: LHB Carlos Parez 0-0: Ball
1-0: Called Strike
1-1: Ball
2-1: Ball
3-1: Called Strike
3-2: Foul Ball, location: 2F
3-2: Strikes out swinging
Batting: RHB Tony Thomas 0-0: Ball
1-0: Swinging Strike
1-1: Swinging Strike
1-2: Ball
2-2: Foul Ball, location: 2F
2-2: Foul Ball, location: 25F
2-2: Ground out 5-3 (Groundball, 15, EV 83.1 MPH)
Batting: SHB Justin Williams 0-0: Called Strike
0-1: Foul Ball, location: 3SF
0-2: Strikes out swinging
Bottom of the 6th over - 0 runs, 0 hits, 0 errors, 0 left on base; Cincinnati 8 - Colorado 4
TOP OF THE 7TH
Cincinnati Reds batting - Pitching for Colorado Rockies : RHP Matt Osorio
Pitching: RHP Gustavo Becerra
Batting: RHB Jamie Schexnider 0-0: Called Strike
0-1: Foul Ball, location: 25F
0-2: Ball
1-2: Strikes out looking
Batting: RHB Earl Boivin 0-0: Called Strike
0-1: SINGLE (Line Drive, 34D, EV 74.4 MPH)
Batting: RHB Alfonso Tejeda 0-0: Called Strike
0-1: Ball
Earl Boivin steals 2nd base
1-1: Fly out, F9 (Flyball, 89M, EV 93.8 MPH)
Batting: RHB B.J. Illiano 0-0: Foul Ball, location: 2F
0-1: Swinging Strike
0-2: Ball
1-2: Foul Ball, location: 2F
1-2: Foul Ball, location: 2F
1-2: Ball
2-2: Foul Ball, location: 9LSF
2-2: DOUBLE (Line Drive, 8RXD, EV 100.0 MPH)
Earl Boivin scores
Batting: LHB Jonathan Nelson 0-0: Swinging Strike
0-1: Called Strike
0-2: Ground out 5-3 (Groundball, 56S, EV 74.4 MPH)
Top of the 7th over - 1 run, 2 hits, 0 errors, 1 left on base; Cincinnati 9 - Colorado 4
BOTTOM OF THE 7TH
Colorado Rockies batting - Pitching for Cincinnati Reds : RHP Dustin Guerin
Batting: LHB Jesus Pena 0-0: Called Strike
0-1: Ball
1-1: Ball
2-1: Foul Ball, location: 23F
2-2: Strikes out looking
Batting: RHB Brenden Oxton 0-0: Fly out, F2 (Popup, 23F, EV 83.8 MPH)
Batting: LHB Glenn Sewell 0-0: Ball
1-0: Called Strike
1-1: Ball
2-1: Foul Ball, location: 2F
2-2: Fly out, F7 (Line Drive, 7, EV 88.8 MPH)
Bottom of the 7th over - 0 runs, 0 hits, 0 errors, 0 left on base; Cincinnati 9 - Colorado 4
TOP OF THE 8TH
Cincinnati Reds batting - Pitching for Colorado Rockies : RHP Gustavo Becerra
Batting: RHB Jesus Najera 0-0: Swinging Strike
0-1: Ball
1-1: SINGLE (Flyball, 4D, EV 87.5 MPH)
Batting: LHB Steve Carbone 0-0: Called Strike
0-1: Ball
1-1: Ball
2-1: Foul Ball, location: 3FF
2-2: Ball
3-2: Fielders Choice at 2nd, 3-6 (Groundball, 3S, EV 85.6 MPH)
Pitching: RHP Matthew Hodge
Batting: RHB Dave Truax 0-0: DOUBLE (Flyball, 8RXD, EV 95.6 MPH)
Steve Carbone to third
Runner from 3rd tries for Home, SAFE, throw by CF to trailing runner, SAFE at third!
Batting: RHB Erik Schmidt 0-0: Ball
1-0: Swinging Strike
1-1: Fly out, F7 (Flyball, 7S, EV 92.5 MPH)
Batting: RHB Jamie Schexnider 0-0: Called Strike
0-1: Called Strike
0-2: Ball
1-2: Foul Ball, location: 7LMF
1-2: Ball
2-2: Ground out 4-3 (Groundball, 4MD, EV 94.4 MPH)
Top of the 8th over - 1 run, 2 hits, 0 errors, 1 left on base; Cincinnati 10 - Colorado 4
BOTTOM OF THE 8TH
Colorado Rockies batting - Pitching for Cincinnati Reds : RHP Dustin Guerin
Batting: RHB Mike Woodard 0-0: SOLO HOME RUN (Flyball, 7D, EV 97.5 MPH), Distance : 387 ft
Batting: LHB Jim Davis 0-0: SINGLE (Line Drive, 8LS, EV 102.5 MPH)
Batting: LHB Jeremy Papish 0-0: Swinging Strike
0-1: Ball
1-1: Foul Ball, location: 2F
1-2: Ball
2-2: Fielders Choice at 2nd, 4-6 (Groundball, 4, EV 103.1 MPH)
Pitching: LHP Dusty Edwards
Pinch Hitting: SHB Brian Hatcher 0-0: Ball
1-0: Ball
2-0: Foul Ball, location: 3DF
2-1: Foul Ball, location: 9LDF
2-2: Fielders Choice at 2nd, 1-6 (Groundball, 34S, EV 70.6 MPH)
Batting: RHB Tony Thomas 0-0: Ball
1-0: Ball
2-0: Foul Ball, location: 9LSF
2-1: Swinging Strike
2-2: SINGLE (Line Drive, 6M, EV 99.4 MPH)
Brian Hatcher to second
Runner from 2nd tries for 3rd, SAFE, throw by CF made to third
Pinch Runner at 3rd Orlando Serrano:
Batting: SHB Justin Williams 0-0: Called Strike
0-1: Ball
1-1: Ball
2-1: Swinging Strike
2-2: Ground out 4-3 (Groundball, 34, EV 105.6 MPH)
Bottom of the 8th over - 1 run, 3 hits, 0 errors, 2 left on base; Cincinnati 10 - Colorado 5
TOP OF THE 9TH
Cincinnati Reds batting - Pitching for Colorado Rockies : RHP Matthew Hodge
Now at 2B: Orlando Serrano
Pinch Hitting: SHB Jamie Moore 0-0: Ball
1-0: Fly out, F7 (Line Drive, 7S, EV 93.8 MPH)
Batting: RHB Alfonso Tejeda 0-0: Foul Ball, location: 3SF
0-1: Ball
1-1: Swinging Strike
1-2: Foul Ball, location: 2F
1-2: Ball
2-2: Foul Ball, location: 9LDF
2-2: Ball
3-2: Strikes out looking
Batting: RHB B.J. Illiano 0-0: Foul Ball, location: 2F
0-1: Swinging Strike
0-2: Fly out, F8 (Flyball, 89D, EV 96.9 MPH)
Top of the 9th over - 0 runs, 0 hits, 0 errors, 0 left on base; Cincinnati 10 - Colorado 5
BOTTOM OF THE 9TH
Colorado Rockies batting - Pitching for Cincinnati Reds : LHP Dusty Edwards
Now at 2B: Eddie Enright
Pinch Hitting: RHB Kosuke Sakai 0-0: Called Strike
0-1: Called Strike
0-2: Ball
1-2: Strikes out looking
Batting: RHB Brenden Oxton 0-0: Called Strike
0-1: Swinging Strike
0-2: Strikes out swinging
Batting: LHB Glenn Sewell 0-0: SINGLE (Line Drive, 9LM, EV 110.0 MPH)
Batting: RHB Mike Woodard 0-0: Ball
1-0: Ball
2-0: SINGLE (Groundball, 23, EV 73.1 MPH) (infield hit)
Glenn Sewell to second
Batting: LHB Jim Davis 0-0: Swinging Strike
0-1: Ball
1-1: Ball
2-1: Foul Ball, location: 23F
2-2: Foul Ball, location: 23F
2-2: Reached via error on a dropped throw from 3B, E3 (Groundball, 56S, EV 88.1 MPH)
Glenn Sewell to third
Mike Woodard to second
Pitching: RHP Mike Yates
Batting: LHB Jeremy Papish 0-0: Foul Ball, location: 3SF
0-1: Swinging Strike
0-2: Strikes out swinging
Bottom of the 9th over - 0 runs, 2 hits, 1 error, 3 left on base; Cincinnati 10 - Colorado 5
Monday, April 8th , 2024 - OOTP Baseball 24.11 Build 85